 Dungeon Crawl Stone Soup version 0.22-a0-246-gdc04c06 (webtiles) character file.

1959 xccam the Covert (level 9, 0/61 HPs)
             Began as a Demonspawn Gladiator on Feb 22, 2018.
             Succumbed to a killer bee's poison
             ... on level 7 of the Dungeon.
             The game lasted 00:23:29 (7987 turns).

xccam the Covert (Demonspawn Gladiator)             Turns: 7987, Time: 00:23:30

Health: 0/61       AC: 19    Str: 17    XL:     9   Next: 0%
Magic:  9/9        EV: 15    Int: 13    God:
Gold:   395        SH:  0    Dex: 24    Spells: 8/8 levels left

rFire    + + .     SeeInvis .   a - +0 rapier
rCold    + . .     Gourm    .   (no shield)
rNeg     . . .     Faith    .   g - +0 scale mail "Ipowawiq" {Str+3 Int+4} (curse)
rPois    .         Spirit   .   c - +0 helmet
rElec    .         Reflect  .   h - scarf {rC+ rF+}
rCorr    .         Harm     .   (no gloves)
MR       .....                  q - +0 pair of boots
Stlth    ++++......             (no amulet)
HPRegen  0.20/turn              p - +5 ring of protection
MPRegen  0.11/turn              t - ring of protection from fire

@: agile, lethally poisoned (0 -> -4), sanguine armour, very slightly
contaminated, hasted, drained, invisible, very quick
A: talons 1, demonic guardian 1, rot immunity, sanguine armour 1
a: no special abilities


You were on level 7 of the Dungeon.
You were very hungry.

You visited 1 branch of the dungeon, and saw 7 of its levels.

You collected 395 gold pieces.

Inventory:

Hand Weapons
 a - a +0 rapier (weapon)
Missiles
 d - 3 throwing nets (quivered)
Armour
 c - a +0 helmet (worn)
 g - the cursed +0 scale mail "Ipowawiq" (worn) {Str+3 Int+4}
   (You found it on level 4 of the Dungeon)

   It affects your strength (+3).
   It affects your intelligence (+4).
   It has a curse placed upon it.
 h - a scarf of resistance (worn)
 k - a +1 leather armour
 q - a +0 pair of boots (worn)
Jewellery
 n - an uncursed ring of wizardry
 p - a +5 ring of protection (left hand)
 s - an uncursed ring of resist corrosion
 t - a ring of protection from fire (right hand)
 u - an uncursed ring of poison resistance {unknown}
Wands
 o - a wand of polymorph (11)
 r - a wand of paralysis (12)
Scrolls
 e - a scroll of remove curse
 m - a scroll of enchant armour
Potions
 j - a potion of degeneration
Comestibles
 f - 11 rations


   Skills:
 - Level 2.0(1.0) Fighting
 + Level 8.1(6.9) Short Blades
 - Level 1.7(0.8) Throwing
 - Level 2.6(1.6) Dodging
 + Level 8.2(7.0) Stealth


You had 8 spell levels left.
You didn't know any spells.

Dungeon Overview and Level Annotations

Branches:
Dungeon (7/15)
 Temple: D:4-7

Altars:
Cheibriados
Elyvilon
Fedhas
Gozag
Makhleb
Nemelex Xobeh
Okawaru
Yredelemnul
Beogh

Shops:
D:5 :


Innate Abilities, Weirdness & Mutations

You have sharp toenails.
A weak demonic guardian rushes to your aid.
You are immune to rotting.
When seriously injured, your bleeding wounds create armour. (AC +6)


Message History

You feel sick.
* * * LOW HITPOINT WARNING * * *
You feel sick.
* * * LOW HITPOINT WARNING * * *
You feel sick.
* * * LOW HITPOINT WARNING * * *
You feel sick. The killer bee misses you.
* * * LOW HITPOINT WARNING * * *
You feel sick.
* * * LOW HITPOINT WARNING * * *
You feel sick. The killer bee misses you. The killer bee barely misses you.
You feel as though your hastened speed will last longer.
* * * LOW HITPOINT WARNING * * *
You feel sick. The killer bee barely misses you.
The killer bee stings you but does no damage.
* * * LOW HITPOINT WARNING * * *
You feel sick.
You die...

#.....#.......######
#####.###.#.#####.##...#
...........>..#.#.##.#.#
##...#.###.#.....##.#.#
#.##.###...###.######.#.#
#.....................#.#
####.#####.....########.#
.........#......y...#.#
##.#####.#<..@........#
#.....######.###
#####.#yy....# #.#.######
#.#.# ..#y# ###y# #)# #.
#.#


You could see a killer bee (wandering).

Vanquished Creatures
  Edmund (D:6)
  A phantom (D:5)
  2 centaurs (D:5)
  An ogre (D:6)
  Blork the orc (D:4)
  2 bullfrogs (D:6)
  A scorpion (D:4)
  A killer bee (D:7)
  2 jellies
  2 wights (D:6)
  A centaur zombie (D:7)
  2 hounds
  A gnoll shaman (D:6)
  4 orc wizards
  2 orc priests
  3 worker ants
  2 iguanas
  A killer bee zombie (D:5)
  2 worker ant zombies
  4 gnolls
  4 river rats (D:6)
  3 adders
  An adder zombie (D:5)
  3 worms
  A dart slug (D:1)
  A leopard gecko (D:5)
  18 orcs
  2 ball pythons (D:3)
  9 bats
  6 giant cockroaches
  4 goblins (D:1)
  6 hobgoblins
  2 jackals (D:1)
  7 quokkas
  4 frilled lizards
  7 kobolds
  A leopard gecko skeleton (D:4)
  A leopard gecko zombie (D:5)
  22 rats
138 creatures vanquished.

Vanquished Creatures (collateral kills)
  Duvessa (D:5)
  A sky beast (D:6)
  3 ogres
  A centaur (D:6)
  A bullfrog (D:6)
  Dowan (D:5)
  A killer bee (D:7)
  2 wights (D:6)
  A hound (D:4)
  An orc wizard (D:7)
  A worker ant (D:5)
  3 orcs
  2 jackals (D:4)
19 creatures vanquished.

Grand Total: 157 creatures vanquished

Notes
Turn   | Place    | Note
-------+----------+-------------------------------------------
     0 | D:1      | xccam the Demonspawn Gladiator began the quest for the Orb.
     0 | D:1      | Reached XP level 1. HP: 16/16 MP: 1/1
   185 | D:1      | Reached skill level 1 in Stealth
   214 | D:1      | Gained mutation: You are immune to rotting. [demonic ancestry]
   214 | D:1      | Reached XP level 2. HP: 20/22 MP: 2/2
   902 | D:2      | Found a basalt altar of Yredelemnul.
  1354 | D:2      | Gained mutation: A weak demonic guardian rushes to your aid. [demonic ancestry]
  1354 | D:2      | Reached XP level 3. HP: 27/27 MP: 3/3
  1675 | D:2      | Found an iron altar of Okawaru.
  2160 | D:3      | Found a blossoming altar of Fedhas.
  2409 | D:3      | Reached XP level 4. HP: 27/33 MP: 4/4
  2547 | D:3      | Found a burning altar of Makhleb.
  2722 | D:4      | Reached XP level 5. HP: 21/38 MP: 5/5
  3330 | D:4      | Got a fine scale mail
  3341 | D:4      | Identified the cursed +0 scale mail "Ipowawiq" {Str+3 Int+4} (You found it on level 4 of the Dungeon)
  3441 | D:4      | Noticed Blork the orc
  3469 | D:4      | Killed Blork the orc
  3469 | D:4      | Reached XP level 6. HP: 43/44 MP: 6/6
  3634 | D:4      | Found a roughly hewn altar of Beogh.
  3671 | D:4      | Reached skill level 5 in Short Blades
  3928 | D:5      | Entered Level 5 of the Dungeon
  4319 | D:5      | Found Wuridghehupt's Book Shoppe.
  4468 | D:5      | Found a snail-covered altar of Cheibriados.
  4481 | D:5      | Reached skill level 5 in Stealth
  4484 | D:5      | Found a sparkling altar of Nemelex Xobeh.
  4646 | D:4      | Gained mutation: When seriously injured, your bleeding wounds create armour. (AC +6) [demonic ancestry]
  4646 | D:4      | Reached XP level 7. HP: 19/50 MP: 7/7
  5350 | D:5      | Noticed Dowan
  5355 | D:5      | Noticed Duvessa
  5362 | D:5      | Killed Dowan
  5369 | D:5      | Killed Duvessa
  5533 | D:6      | Reached XP level 8. HP: 52/56 MP: 8/8
  6788 | D:6      | Found a white marble altar of Elyvilon.
  6788 | D:6      | Noticed Edmund
  6793 | D:6      | Killed Edmund
  7404 | D:6      | Found an opulent altar of Gozag.
  7960 | D:7      | Gained mutation: You have sharp toenails. [demonic ancestry]
  7960 | D:7      | Reached XP level 9. HP: 21/61 MP: 9/9
  7981 | D:7      | HP: 3/61 [poisoned by a killer bee]
  7985 | D:7      | HP: 1/61 [poisoned by a killer bee]
  7987 | D:7      | Succumbed to a killer bee's poison

Vault maps used:
D:1:      onia_arrival_pentagram
D:2:      nicolae_overflow_hidden_temple, okawaru_altar_gauntlet_db
D:3:      nicolae_overflow_crystal_walls, fedhas_altar_4
D:4:      first_ration, kennysheep_orc_chapel, uniq_blork_the_orc
D:5:      cheibriados_altar_1, old_standard_altar, serial_shops, shop,
          uniq_duvessa
D:6:      kennysheep_little_box, elyvilon_altar_3, dk_rats_in_the_wall,
          uniq_edmund
D:7:      nicolae_dithmenos_shadow_blocks, minmay_temple_entry_glass,
          enter_ossuary_5, uniq_menkaure, uniq_prince_ribbit1

Skill      XL: |  1  2  3  4  5  6  7  8 |
---------------+-------------------------+-----
Stealth        | 1 2 3 4 5 6 8 |  8.2
Short Blades   | 3 4 5 6 8 |  8.1
Fighting       | |  2.0
Throwing       | |  1.7
Dodging        | |  2.6

Action                   |  1- 3 |  4- 6 |  7- 9 || total
-------------------------+-------+-------+-------++-------
Melee: Rapier            |   145 |   149 |   405 ||   699
Evoke: Wand              |       |       |     4 ||     4
  Use: Potion            |     1 |     3 |     8 ||    12
       Scroll            |     2 |     1 |     1 ||     4
 Stab: Sleeping          |     6 |     4 |     5 ||    15
       Distracted        |       |     1 |     2 ||     3
       Invisible         |       |       |     4 ||     4
       Paralysed         |       |       |     1 ||     1
  Eat: Ration            |     1 |       |     1 ||     2
       Chunk             |     1 |     7 |     7 ||    15
Armor: Leather armour    |    35 |    18 |       ||    53
       Scale mail        |       |    23 |   176 ||   199
Dodge: Dodged            |    89 |   112 |   189 ||   390

Table legend:
 A = Spawn XP
 B = Non-spawn XP
 C = Spawn XP percentage of total XP
 D = Spawn monster count
 E = Non-spawn monster count
 F = Spawn count percentage of total count
 G = Total turns spent on level
                    A         B        C        D         E        F      G
               +---------+---------+-------+---------+---------+-------+---------
         Total |       0 |    2799 |   0.0 |       0 |     157 |   0.0 |  7987
               +---------+---------+-------+---------+---------+-------+---------
           D:1 |       0 |      31 |   0.0 |       0 |      18 |   0.0 |  1042
           D:2 |       0 |      31 |   0.0 |       0 |      12 |   0.0 |   685
           D:3 |       0 |      90 |   0.0 |       0 |      24 |   0.0 |   958
           D:4 |       0 |     408 |   0.0 |       0 |      21 |   0.0 |  1461
           D:5 |       0 |     797 |   0.0 |       0 |      23 |   0.0 |  1902
           D:6 |       0 |    1136 |   0.0 |       0 |      48 |   0.0 |  1757
           D:7 |       0 |     306 |   0.0 |       0 |      11 |   0.0 |   182
               +---------+---------+-------+---------+---------+-------+---------
